 Dungeon Crawl Stone Soup version 0.23-a0-490-ge7ea69a (webtiles) character file.

51 zishaf the Insei (level 3, 0/18 HPs)
             Began as a Vine Stalker Transmuter on Dec 2, 2018.
             Succumbed to an adder's poison
             ... on level 2 of the Dungeon.
             The game lasted 00:03:07 (1399 turns).

zishaf the Insei (Vine Stalker Transmuter)          Turns: 1399, Time: 00:03:08

Health: 0/18       AC:  3    Str: 12    XL:     3   Next: 83%
Magic:  1/7        EV: 12    Int: 14    God:
Gold:   75         SH:  0    Dex: 14    Spells: 3/6 levels left

rFire    . . .     SeeInvis .     - Unarmed
rCold    . . .     Gourm    .   (no shield)
rNeg     . . .     Faith    .   b - +0 robe
rPois    .         Spirit   +   (no helmet)
rElec    .         Reflect  .   (no cloak)
rCorr    .         Harm     .   (no gloves)
MR       .....                  g - +0 pair of boots
Stlth    +.........             (no amulet)
HPRegen  0.06/turn              (no ring)
MPRegen  0.10/turn              (no ring)

@: lethally poisoned (0 -> -16)
A: fangs 2, magic shield, antimagic bite, no potion heal 3, rot immunity
a: no special abilities


You were on level 2 of the Dungeon.
You were hungry.

You visited 1 branch of the dungeon, and saw 2 of its levels.

You collected 75 gold pieces.

Inventory:

Hand Weapons
 k - a +0 hunting sling
Missiles
 a - 32 arrows
 l - 56 stones (quivered)
Armour
 b - a +0 robe (worn)
 g - a +0 pair of boots (worn)
Scrolls
 c - 2 scrolls of teleportation {unknown}
 e - 2 scrolls of remove curse {unknown}
 h - a scroll of blinking {unknown}
 i - 3 scrolls of identify {unknown}
 m - a scroll of enchant armour {unknown}
Potions
 j - a potion of might {unknown}
 n - 2 potions of agility {unknown}
Comestibles
 d - 3 rations


   Skills:
 * Level 1.9 Fighting
 * Level 2.2 Dodging
 + Level 3.2 Unarmed Combat
 + Level 2.4 Spellcasting
 + Level 2.2 Transmutations


You had 3 spell levels left.
You knew the following spells:

 Your Spells              Type           Power        Failure   Level  Hunger
a - Beastly Appendage     Tmut           #.....       9%          1    #......
b - Sticks to Snakes      Tmut           #.......     14%         2    ###....

Your spell library contained the following spells:

 Spells                   Type           Power        Failure   Level  Hunger
 Spider Form              Tmut/Pois      #.........   38%         3    ###....
 Ice Form                 Ice/Tmut       #.......     80%         4    #####..
 Blade Hands              Tmut           #.........   94%         5    ######.


Dungeon Overview and Level Annotations

Branches:
Dungeon (2/15)

Altars:
Cheibriados
Hepliaklqana
Makhleb
Zin


Innate Abilities, Weirdness & Mutations

You have extremely sharp teeth.
When hurt, damage is shared between your health and your magic reserves.
Your bite disrupts and absorbs the magic of your enemies.
Potions cannot restore your health.
You are immune to rotting.


Message History

The adder poisons you!
You closely miss the adder.
The adder is almost dead.
* * * LOW HITPOINT WARNING * * *
You feel sick. The adder closely misses you.
You hit the adder but do no damage. Your bite misses the adder.
The adder is almost dead.
* * * LOW HITPOINT WARNING * * *
You feel sick. The adder bites you but does no damage. The adder bites you.
* * * LOW HITPOINT WARNING * * *
You are more poisoned.
The adder poisons you!
You hit the adder but do no damage. You bite the adder, but do no damage.
The adder is almost dead.
* * * LOW HITPOINT WARNING * * *
You feel sick. The adder bites you.
* * * LOW HITPOINT WARNING * * *
You closely miss the adder.
The adder is almost dead.
You die...

#......#..##....##.###
.######.#..##.....#.#..
........(..##........##
#######..#.##........##
#.....##.......###
#(.....#.........#
#(...........#.#.'
#S.............### b..
#@##.>#......### # ....
#(#####....### # ...
#.# ###### ...
#.######### ##.##
#...((.(.(#
#....###########.#
#.....# ##รท####
#..##.# #.(...#
#...#.#### #.(...#


You could see an adder.

Vanquished Creatures
  A gnoll (D:1)
  A worm (D:2)
  2 dart slugs
  A leopard gecko (D:1)
  A ball python (D:1)
  5 bats
  3 giant cockroaches (D:1)
  3 goblins (D:1)
  A hobgoblin (D:1)
  3 jackals (D:2)
  4 frilled lizards
  5 kobolds (D:1)
  3 rats
33 creatures vanquished.

Notes
Turn   | Place    | Note
-------+----------+-------------------------------------------
     0 | D:1      | zishaf the Vine Stalker Transmuter began the quest for the
                  | Orb.
     0 | D:1      | Reached XP level 1. HP: 9/9 MP: 4/4
    24 | D:1      | Reached skill level 1 in Fighting
    24 | D:1      | Reached XP level 2. HP: 14/14 MP: 6/6
   422 | D:1      | Learned a level 2 spell: Sticks to Snakes
   474 | D:1      | Reached XP level 3. HP: 18/18 MP: 7/7
   964 | D:2      | Found a glowing silver altar of Zin.
   985 | D:2      | Found a hazy altar of Hepliaklqana.
   988 | D:2      | Found a burning altar of Makhleb.
   991 | D:2      | Found a snail-covered altar of Cheibriados.
  1399 | D:2      | Succumbed to an adder's poison

Vault maps used:
D:1:      roderic_dead_forest, kennysheep_crisscross
D:2:      zin_scriptorium, grunt_temple_overflow_diamond,
          nicolae_ru_path_of_blood

Skill      XL: |  1  2 |
---------------+-------+-----
Fighting       | 1 |  1.9
Dodging        | 2 |  2.2
Unarmed Combat | |  3.2
Spellcasting   | |  2.4
Transmutations | |  2.2

Action                   || total
-------------------------++-------
Melee: Unarmed           ||   100
       Bite              ||    20
       Punch             ||     1
 Fire: Hunting sling     ||    44
 Stab: Sleeping          ||     1
  Eat: Chunk             ||     1
Armor: Robe              ||    18
Dodge: Dodged            ||    63

Table legend:
 A = Non-vault XP
 B = Vault XP
 C = Vault XP percentage of total XP
 D = Non-vault monster count
 E = Vault monster count
 F = Vault count percentage of total count
                 A         B        C        D         E       F
            +---------+---------+-------+---------+---------+-------
      Total |      74 |       0 |   0.0 |      33 |       0 |   0.0
            +---------+---------+-------+---------+---------+-------
        D:1 |      55 |       0 |   0.0 |      24 |       0 |   0.0
        D:2 |      19 |       0 |   0.0 |       9 |       0 |   0.0
            +---------+---------+-------+---------+---------+-------
